 Dungeon Crawl Stone Soup version 0.32-a0-42-ga30500b4d3 (webtiles) character file.

Game seed: 3480665666843386801

43 shadowhawk the Covered (level 3, 0/30 HPs)
             Began as an Armataur Fighter on Feb 2, 2024.
             Slain by Sigmund
             ... wielding a +3 scythe of distortion
              (9 damage)
             ... on level 2 of the Dungeon.
             The game lasted 00:13:42 (1963 turns).

shadowhawk the Covered (Armataur Fighter)           Turns: 1963, Time: 00:13:43

Health: 0/30       AC:  8    Str: 23    XL:     3   Next: 37%
Magic:  3/3        EV:  6    Int:  8    God:
Gold:   80         SH:  4    Dex:  9    Spells: 2/2 levels left

rFire   . . .        i - +0 dagger (venom)
rCold   . . .        c - +0 buckler
rNeg    . . .        h - +0 chain mail
rPois   .            (no helmet)
rElec   .            (no cloak)
rCorr   .            (no gloves)
SInv    .            (no barding)
Will    .....        (no amulet) Stlth
                     (no ring)
HPRegen 0.25/turn    (no ring)
MPRegen 0.08/turn

%: roll
@: no status effects
A: large, deformed body, tough skin 3, armoured tail, roll 1
a: no special abilities


You were on level 2 of the Dungeon.
You visited 1 branch of the dungeon, and saw 2 of its levels.

You collected 80 gold pieces.

Inventory:

Hand Weapons
 a - a +0 rapier
 i - a +0 dagger of venom (weapon)
Missiles
 j - 29 stones (quivered)
Armour
 b - a +0 scale mail
 c - a +0 buckler (worn)
 h - a +0 chain mail (worn)
 p - a +0 pair of boots
Scrolls
 e - a scroll of teleportation
 g - a scroll of identify
 k - a scroll of noise
 l - a scroll of brand weapon {unknown}
 o - a scroll of amnesia {unknown}
Potions
 d - 2 potions of might
 f - a potion of lignification {unknown}
 m - a potion of curing {unknown}
 n - 2 potions of heal wounds {unknown}


   Skills:
 + Level 2.8 Fighting
 + Level 2.4 Short Blades
 + Level 4.3 Armour
 + Level 0.3 Dodging
 + Level 3.5 Shields


You had 2 spell levels left.
You didn't know any spells.
Your spell library contained the following spells:

 Spells                   Type           Power      Damage    Failure   Level
 Mercury Vapours          Alch/Air       0%         N/A       99%         2
 Mephitic Cloud           Conj/Alch/Air  0%         N/A       100%        3
 Freezing Cloud           Conj/Ice/Air   0%         6-21      100%        5


Dungeon Overview and Level Annotations

Branches:
Dungeon (2/15)

Altars:

Annotations:
D:2 Sigmund


Innate Abilities, Weirdness & Mutations

Armour fits poorly on your strangely shaped body.
You have extremely tough skin. (AC +3)
You have a long armoured tail.
You regenerate magic when rolling toward enemies. (Rampage MPRegen)


Message History

The bat is heavily wounded.
The bat closely misses you.
You kill the bat!
You see here a +0 pair of boots.
You see here a +0 pair of boots.
p - a +0 pair of boots
Okay, then.
Sigmund the Dreaded comes into view.
He is wielding a +3 scythe of distortion.
Sigmund shouts!
Sigmund points at you and mumbles some strange words.
You resist with significant effort.
Found 4 poisoned darts.
Sigmund hits you from afar with a +3 scythe of distortion.
Space warps around you.
You roll towards Sigmund!
You closely miss Sigmund.
Sigmund points at you and mumbles some strange words.
You resist with significant effort.
You hit Sigmund.
Sigmund is poisoned.
Your tail-slap misses Sigmund.
Sigmund is lightly wounded.
Sigmund hits you with a +3 scythe of distortion.
You blink.
Sigmund hits you from afar with a +3 scythe of distortion.
Space warps around you. Sigmund completely misses you.
Sigmund casts a spell at you. The puff of flame hits you.
You hit Sigmund.
Sigmund looks as sick as possible!
Sigmund is moderately wounded.
Sigmund hits you with a +3 scythe of distortion.
Space warps around you.
* * * LOW HITPOINT WARNING * * *
You hit Sigmund.
Your tail-slap misses Sigmund.
Sigmund is heavily wounded.
You hit Sigmund.
Your tail-slap misses Sigmund.
Sigmund is heavily wounded.
Sigmund gestures wildly while chanting.
Sigmund flickers and vanishes!
Deactivating autopickup; reactivate with Ctrl-A.
You closely miss something. Something hits you!
You die...

.#
#.......#
.#
#.......#
.#
#.......#
.#
#.......#
.#
#.......#
.#
#.......#
.#
###.#####
## #......#
##.@....#
#..{....#
#.....=.#
#.......#
#.......#
#...#######
#(.## #.#
#.


There were no monsters in sight!

Vanquished Creatures
  3 ribbon worms (D:2)
  A dart slug (D:1)
  6 bats
  An endoplasm (D:1)
  A giant cockroach (D:2)
  3 goblins
  4 hobgoblins
  2 quokkas
  6 ball pythons
  2 kobolds (D:1)
  6 rats
35 creatures vanquished.

Notes
Turn   | Place    | Note
-------+----------+-------------------------------------------
     0 | D:1      | shadowhawk the Armataur Fighter began the quest for the
                  | Orb.
     0 | D:1      | Reached XP level 1. HP: 18/18 MP: 1/1
   463 | D:1      | Reached XP level 2. HP: 24/25 MP: 2/2
   759 | D:1      | Reached skill level 4 in Armour
  1620 | D:2      | Reached XP level 3. HP: 26/30 MP: 3/3
  1946 | D:2      | Noticed Sigmund
  1963 | D:2      | Slain by Sigmund

Illustrated notes

Levels and vault maps discovered:
D:1:      minmay_arrival_up_and_down, layout_basic
D:2:      layout_basic, minmay_increasing_density, uniq_sigmund

Skill      XL: |  1  2 |
---------------+-------+-----
Short Blades   | 2 |  2.4
Armour         | 4 |  4.3
Fighting       | |  2.8
Dodging        | |  0.3
Shields        | |  3.5

Action                     || total
---------------------------++-------
  Melee: Rapier            ||    65
         Tailslap          ||    11
         Dagger            ||    72
    Use: Scroll            ||     4
 Armour: Scale mail        ||    93
         Chain mail        ||    54
  Dodge: Dodged            ||    57
  Block: Buckler           ||    41

Table legend: (Time is in decaauts)
 A = Elapsed time spent in this place.
 B = Non-inter-level travel time spent in this place.
 C = Inter-level travel time spent in this place.
 D = Time resting spent in this place.
 E = Time spent auto-exploring this place.
 F = Levels seen in this place.
 G = Mean time per level.
                   A        B        C        D        E       F      G
               +--------+--------+--------+--------+--------+-----+--------+
         Total |   1962 |   1940 |     22 |    440 |    533 |   2 |  981.0 |
       Dungeon |   1962 |   1940 |     22 |    440 |    533 |   2 |  981.0 |
               +--------+--------+--------+--------+--------+-----+--------+

Top non-repeatable levels by time:
     D:1: 1429 daAuts
     D:2: 533 daAuts
